Map: Scalo orbitale

Players

Jhyrachy

  • Race: Zerg Zerg
  • League: Silver

RaPeeT - Winner!

  • Race: Terran Terran
  • League: Silver

VOD

Have the link to the VOD?

Description

Time

  • Played on: March 22, 2016, 1:52 p.m.
  • Length: 12:19
Show
View Real Time Build Order
Export as new Build Order

Jhyrachy Zerg 

Build Orders: Hatch First 

Get SALT Encoding   

  12  0:02  Drone  
  13  0:08  Drone  
  14  0:18  Overlord  
  14  0:37  Drone  
  14  0:38  Drone x2  
  17  0:57  Hatchery  
  16  1:07  Drone x2, Extractor  
  17  1:17  Spawning Pool  
  16  1:21  Drone  
  17  1:42  Drone  
  17  1:43  Drone  
  19  1:50  Overlord  
  19  2:11  Queen  
  19  2:13  Queen  
  23  2:16  Drone  
  23  2:17  Drone x3  
  27  2:31  Metabolic Boost  
  27  2:33  Drone x3  
  30  2:44  Drone  
  31  2:51  Queen  
  33  3:00  Zergling x2  
  33  3:01  Zergling x4  
  36  3:06  Overlord  
  36  3:08  Overlord  
  36  3:23  Hatchery  
  36  3:26  Spore Crawler  
  34  3:31  Spore Crawler  
  33  3:37  Lair  
  33  4:01  Queen  
  35  4:06  Evolution Chamber  
  34  4:16  Drone  
  34  4:17  Drone x2  
  37  4:20  Drone  
  37  4:21  Drone x4  
  37  4:22  Drone x4  
  37  4:23  Drone  
  47  4:27  Extractor  
  45  4:47  Spire  
  44  5:07  Drone x9  
  44  5:08  Drone x4  
  44  5:10  Overlord  
  57  5:21  Pneumatized Carapace  
  57  5:34  Extractor  
  56  5:36  Drone x3  
  56  5:37  Drone  
  56  5:38  Drone x2  
  56  5:39  Drone, Overlord  
  56  5:40  Overlord  
  63  5:48  Drone x2  
  65  5:53  Extractor  
  64  6:10  Overseer  
  63  6:34  Corruptor  
  63  6:35  Corruptor x4  
  73  6:55  Extractor  
  72  7:03  Extractor, Drone x3  
  72  7:05  Drone x3  
  72  7:06  Drone x2  
  72  7:07  Drone x2  
  80  7:25  Roach Warren  
  79  7:49  Hatchery  
  78  7:55  Zerg Missile Weapons Level 1  
  78  8:21  Overlord x4  
  78  8:32  Overlord x3  
  78  8:42  Overseer  
  78  8:49  Roach  
  78  8:50  Roach x21  
  122  9:08  Queen  
  124  9:17  Ravager  
  124  9:18  Ravager x12  
  124  9:19  Ravager x4  
  124  9:22  Ravager x3  
  144  9:26  Overlord x5  
  144  9:58  Roach x16  
  176  10:24  Overlord x4  
  176  10:26  Overlord  
  176  10:27  Overlord x3  
  176  10:28  Overlord  
  176  10:30  Overlord x2  
  176  10:42  Corruptor x3  
  174  10:43  Corruptor x2  
  90  11:17  Roach x8  
  90  11:18  Roach x16  
  89  11:44  Ravager  
  89  11:45  Ravager x5  
Show
View Real Time Build Order
Export as new Build Order

RaPeeT Terran - Winner!

Build Orders: MMM Bio 

Get SALT Encoding   

  12  0:00  SCV  
  13  0:12  SCV  
  14  0:18  Supply Depot  
  14  0:25  SCV  
  15  0:39  SCV  
  15  0:40  Barracks  
  16  0:51  SCV  
  17  0:59  Refinery  
  17  1:03  SCV  
  18  1:15  SCV  
  19  1:28  SCV  
  19  1:30  Command Center  
  20  1:42  Orbital Command  
  20  1:46  Supply Depot  
  20  2:09  SCV  
  20  2:13  Refinery  
  21  2:17  Barracks  
  21  2:21  SCV  
  22  2:33  Refinery  
  22  2:34  SCV  
  23  2:37  Factory  
  23  2:43  Orbital Command  
  23  2:46  SCV  
  24  2:57  Marine  
  24  2:58  SCV  
  26  3:05  Barracks Reactor  
  26  3:07  Factory  
  26  3:08  Barracks  
  26  3:10  SCV  
  26  3:11  SCV  
  27  3:23  Factory Tech Lab  
  27  3:27  SCV  
  27  3:28  Starport, SCV  
  29  3:34  Refinery  
  29  3:39  SCV  
  29  3:40  SCV  
  29  3:41  Marine x2  
  33  3:52  SCV  
  34  3:57  Siege Tank  
  34  3:59  Barracks Tech Lab  
  37  4:05  SCV  
  37  4:06  SCV  
  39  4:17  Factory Tech Lab, SCV  
  39  4:18  SCV  
  39  4:19  Starport Reactor  
  39  4:22  Armory  
  39  4:23  Stimpack  
  41  4:29  SCV  
  41  4:30  SCV  
  43  4:44  Siege Tank  
  46  4:50  Supply Depot  
  46  4:52  Supply Depot  
  46  4:55  Supply Depot  
  46  4:58  Supply Depot  
  46  5:11  Marine x2  
  46  5:12  Siege Tank, SCV x2  
  46  5:13  Command Center, Liberator x2  
  53  5:24  SCV  
  60  5:36  Siege Tank  
  60  5:37  Starport  
  60  5:39  Marine x3  
  60  5:41  Marine  
  67  6:02  Marine x2  
  67  6:03  Marine x2  
  71  6:11  SCV  
  72  6:13  Medivac x2  
  76  6:23  SCV  
  77  6:35  Marine x4  
  81  6:43  Medivac  
  81  6:44  SCV x2  
  81  6:45  Orbital Command, Starport Reactor  
  85  6:52  Marine  
  85  6:53  Terran Ship Weapons Level 1  
  86  6:54  Barracks  
  86  6:56  SCV x2  
  86  7:00  Engineering Bay  
  88  7:11  SCV  
  88  7:15  Marine x4  
  89  7:21  Supply Depot  
  93  7:23  Supply Depot  
  93  7:28  Supply Depot  
  93  7:38  Marine x4, SCV, Medivac  
  93  7:42  Thor, Medivac  
  108  7:47  Combat Shields  
  108  7:49  Barracks Reactor  
  108  7:50  Starport, SCV  
  109  7:56  Marine x4, Thor  
  119  8:03  Medivac  
  119  8:04  Medivac  
  123  8:10  Refinery  
  123  8:12  Refinery  
  123  8:13  Marine x2  
  125  8:20  Terran Infantry Weapons Level 1, Supply Depot  
  125  8:22  Supply Depot x2  
  125  8:28  Liberator x3  
  125  8:41  Marine x6  
  125  8:43  Supply Depot  
  125  8:48  Starport Reactor  
  140  8:59  Marine x6  
  146  9:17  Marine x6  
  146  9:18  Medivac  
  146  9:20  Command Center  
  146  9:22  Liberator  
  146  9:23  Liberator x2  
  154  9:35  Marine x6  
  160  9:43  Starport Reactor  
  169  9:52  Marine x4  
  173  10:02  Supply Depot  
  173  10:03  Supply Depot  
  173  10:10  Supply Depot  
  173  10:23  Marine x6  
  173  10:28  SCV  
  180  10:34  Orbital Command  
  180  10:41  Marine x6  
  186  10:48  Medivac x2  
  186  10:49  Medivac  
  161  10:58  Marine x6  
  144  11:16  Marine x3  
  144  11:17  Marine x3  
  147  11:20  Thor  
  153  11:34  Marine x3  
  153  11:35  Marine x3  
  159  11:52  Marine x4  
  159  11:53  Marine x2  
Tags
 
Add a new tag
Caveats
  • Supply blocks, unpowered buildings, or Contaminate may cause inaccurate times.
  • Supply counts are checked every 10 seconds.